Map: Dusk Towers

Players

Natraps - Winner!

  • Race: Terran Terran
  • League: Diamond

LindyHop

  • Race: Zerg Zerg
  • League: Platinum

VOD

Have the link to the VOD?

Description

Time

  • Played on: Jan. 7, 2016, 3:27 p.m.
  • Length: 7:17
Show
View Real Time Build Order
Export as new Build Order

Natraps Terran - Winner!

Build Orders: 1/1/1, Liberator Opening 

Get SALT Encoding   

  12  0:01  SCV  
  13  0:13  SCV  
  14  0:17  Supply Depot  
  14  0:25  SCV  
  15  0:39  SCV  
  15  0:42  Barracks  
  16  0:49  Refinery  
  16  0:51  Refinery  
  16  0:54  SCV  
  17  1:06  SCV  
  18  1:18  SCV  
  19  1:29  Marine  
  19  1:31  Orbital Command  
  20  1:36  Factory  
  20  1:44  Supply Depot  
  20  1:55  Marine  
  20  1:56  SCV  
  22  2:08  SCV  
  22  2:15  Marine  
  24  2:21  SCV  
  25  2:23  Starport  
  25  2:27  Factory Reactor  
  25  2:28  Starport  
  25  2:36  SCV  
  26  2:43  Marine  
  26  2:44  Liberator  
  27  2:58  Supply Depot  
  30  3:08  SCV  
  31  3:19  Viking x2  
  35  3:20  Supply Depot  
  35  3:21  SCV  
  35  3:23  Widow Mine  
  38  3:36  SCV  
  39  3:52  Command Center  
  39  3:59  Marine, Widow Mine  
  39  4:01  SCV  
  43  4:05  Viking  
  45  4:11  Viking  
  47  4:21  Supply Depot  
  47  4:42  SCV  
  48  4:46  Liberator  
  48  4:47  Viking x2  
  52  4:54  SCV  
  53  5:04  Orbital Command  
  56  5:09  Factory Reactor  
  56  5:13  SCV  
  57  5:14  Refinery  
  57  5:17  Refinery  
  57  5:23  Viking  
  57  5:24  Viking  
  61  5:39  Bunker  
  61  5:41  Supply Depot  
  61  5:43  Supply Depot, SCV x2  
  61  5:44  Liberator  
  61  5:47  Supply Depot  
  63  5:50  Starport Tech Lab  
  63  5:55  SCV  
  63  5:56  SCV  
  65  6:02  Liberator  
  68  6:09  Engineering Bay  
  68  6:13  Widow Mine  
Show
View Real Time Build Order
Export as new Build Order

LindyHop Zerg 

Build Orders: Hatch First 

Get SALT Encoding   

  12  0:01  Drone  
  13  0:08  Drone  
  14  0:17  Overlord  
  14  0:24  Drone, Extractor  
  15  0:35  Drone x2  
  17  0:55  Hatchery  
  16  1:00  Drone  
  16  1:03  Extractor  
  16  1:04  Drone  
  17  1:18  Spawning Pool  
  17  1:21  Drone  
  17  1:28  Drone  
  17  1:29  Drone  
  19  1:38  Overlord  
  18  1:55  Drone  
  19  2:06  Queen  
  19  2:07  Queen  
  23  2:10  Metabolic Boost  
  23  2:19  Spine Crawler  
  22  2:29  Roach Warren  
  21  2:32  Zergling x2  
  21  2:36  Zergling x2  
  23  2:58  Overlord  
  23  3:00  Drone x2  
  25  3:07  Queen  
  25  3:11  Roach  
  29  3:14  Roach  
  31  3:28  Drone x4  
  35  3:41  Overlord  
  35  3:59  Baneling Nest  
  35  4:02  Drone  
  35  4:03  Drone x7  
  42  4:17  Spore Crawler  
  39  4:41  Lair  
  39  4:42  Extractor  
  39  4:44  Overlord  
  39  4:45  Overlord  
  34  4:53  Drone  
  34  4:54  Overlord x2  
  34  4:59  Queen  
  35  5:03  Extractor  
  34  5:10  Spore Crawler  
  33  5:15  Spine Crawler  
  32  5:24  Zergling x8  
  32  5:25  Zergling x2  
  37  5:36  Drone x3  
  40  5:51  Drone x2  
  42  5:59  Hatchery, Drone  
  42  6:03  Spore Crawler  
  41  6:09  Spire  
  41  6:10  Queen  
  42  6:18  Drone x3  
  45  6:26  Drone x4  
  49  6:39  Zergling x2  
  50  6:40  Zergling x8  
  50  6:42  Zergling x2  
  39  6:54  Zergling x8  
  39  6:55  Zergling x2  
Tags
 
Add a new tag
Caveats
  • Supply blocks, unpowered buildings, or Contaminate may cause inaccurate times.
  • Supply counts are checked every 10 seconds.